 Dungeon Crawl Stone Soup version 0.31-a0-702-gf82c85558f (webtiles) character file.

Game seed: 12763027935014767097

36 qw the Shooter (level 3, -2/21 HPs)
             Began as a Gargoyle Hunter on Sept 7, 2023.
             Slain by an orc
             ... wielding a +0 mace of draining
              (6 damage)
             ... on level 2 of the Dungeon.
             The game lasted 00:00:20 (747 turns).

qw the Shooter (Gargoyle Hunter)                     Turns: 747, Time: 00:00:20

Health: -2/21      AC:  7    Str: 14    XL:     3   Next: 37%
Magic:  3/3        EV: 11    Int:  9    God:
Gold:   51         SH:  0    Dex: 15    Spells: 2/2 levels left

rFire   . . .        Y - +0 shortbow
rCold   . . .        (shield currently unavailable)
rNeg    + . .        c - +0 leather armour
rPois   inf          j - +0 helmet
rElec   +            (no cloak)
rCorr   .            (no gloves)
SInv    .            (no boots)
Will    +....        (no amulet)
Stlth   ++           i - ring of willpower
HPRegen 0.23/turn    (no ring)
MPRegen 0.08/turn

%: no passive effects
@: no status effects
A: sickness immunity, AC +3, negative energy resistance 1, electricity
resistance, torment resistance 1, petrification resistance
a: no special abilities


You were on level 2 of the Dungeon.
You visited 1 branch of the dungeon, and saw 2 of its levels.

You collected 51 gold pieces.


Innate Abilities, Weirdness & Mutations

You are immune to sickness and miasma.
Your stone body is resilient. (AC +3)
You are immune to poison.
You resist negative energy. (rN+)
You are resistant to electric shocks. (rElec)
You are resistant to unholy torment.
You are immune to petrification.


   Skills:
 + Level 2.2 Fighting
 - Level 5.1 Ranged Weapons
 - Level 1.5 Dodging
 - Level 1.1 Stealth


You had 2 spell levels left.
You didn't know any spells.
Your spell library was empty.

Inventory:

Hand Weapons
 Y - a +0 shortbow (weapon)
Armour
 c - a +0 leather armour (worn)
 j - a +0 helmet (worn)
Jewellery
 i - a ring of willpower (left hand)
Scrolls
 f - a scroll of identify
Potions
 g - a potion of attraction {unknown}
 h - a potion of heal wounds {unknown}
 k - a potion of curing {unknown}

Dungeon Overview and Level Annotations

Branches:
Dungeon (2/15)

Altars:

Shops:
D:1 (


Message History

You hear a shout!
The adder barely misses you. The adder bites you but does no damage.
You shoot an arrow. The arrow misses the adder.
The adder bites you but does no damage.
You shoot an arrow. The arrow hits the adder.
You kill the adder!
Your Ranged Weapons skill increases to level 5!
734 ||| FLEEEEING.
A goblin comes into view. It is wielding a +0 club.
735 ||| FLEEEEING.
736 ||| STILL FLEEEEING.
737 ||| STILL FLEEEEING.
738 ||| STILL FLEEEEING.
You start resting.
An orc is nearby!
You shoot an arrow. The arrow closely misses the orc.
You shoot an arrow. The arrow closely misses the orc.
The orc barely misses you.
You shoot an arrow. The arrow hits the orc.
The orc is lightly wounded.
The orc hits you with a +0 flail! The orc barely misses you.
You shoot an arrow. The arrow hits the orc!
You kill the orc!
The orc barely misses you.
You shoot an arrow. The arrow hits the orc.
The orc is moderately wounded.
You hear a shout!
The goblin hits you with a +0 club. The orc hits you with a +0 flail!
You shoot an arrow. The arrow barely misses the orc.
An orc comes into view. It is wielding a +0 mace of draining.
The goblin barely misses you. The orc closely misses you.
The goblin completely misses you.
You shoot an arrow. The arrow barely misses the orc.
The goblin hits you but does no damage. The orc barely misses you.
You shoot an arrow.
The arrow hits the orc but does no damage.
The orc is moderately wounded.
The orc barely misses you.
The orc hits you with a +0 mace of draining.
You die...

#####################
#<..................#
###################.#
#>..## #.# #.#..###.#
#.##..##.# #.##.....#
#.##o@#..# #.##og...#
##.##...#.#
#.....#...#
#.%####.### #... ...
#.o## ##.. #.o. ..#
#.#. ..


You could see 2 orcs and a goblin.

Vanquished Creatures
  An adder (D:2)
  A dart slug (D:1)
  An orc (D:2)
  3 ball pythons (D:1)
  2 bats (D:1)
  4 hobgoblins (D:1)
  3 quokkas (D:1)
  A frilled lizard (D:1)
  3 goblins (D:1)
  3 kobolds (D:1)
  A rat (D:1)
23 creatures vanquished.

Notes
Turn   | Place    | Note
-------+----------+-------------------------------------------
     0 | D:1      | qw the Gargoyle Hunter began the quest for the Orb.
     0 | D:1      | Reached XP level 1. HP: 12/12 MP: 1/1
     0 | D:1      | 0 ||| qw: Version: 0.3-a-76-g4403597
     0 | D:1      | 0 ||| qw: Game counter: 830
     0 | D:1      | 0 ||| qw: Melee chars always use a shield: true
     0 | D:1      | 0 ||| qw: God list: Okawaru
     0 | D:1      | 0 ||| qw: Allow faded altars: false
     0 | D:1      | 0 ||| qw: Do Orc after clearing Dungeon:15 true
     0 | D:1      | 0 ||| qw: Do second Lair branch before Depths: true
     0 | D:1      | 0 ||| qw: Lair rune preference: random
     0 | D:1      | 0 ||| qw: Goals: Normal
     0 | D:1      | 0 ||| PLANNING D:1-11
   121 | D:1      | Reached XP level 2. HP: 10/17 MP: 2/2
   276 | D:1      | Found Exiorigg's Antique Weapon Boutique.
   464 | D:1      | Reached XP level 3. HP: 19/21 MP: 3/3
   615 | D:1      | 615 ||| UPGRADING to +0 helmet.
   620 | D:1      | 620 ||| UPGRADING to ring of willpower.
   621 | D:1      | 621 ||| READING scroll labelled PUTZIT SOVOASM.
   622 | D:1      | 622 ||| READING 2 scrolls labelled MIF OBIHUE.
   623 | D:1      | 623 ||| DRINKING 2 grey potions.
   664 | D:1      | 664 ||| DROPPING scroll of butterflies.
   665 | D:1      | 665 ||| DROPPING potion of lignification.
   734 | D:2      | Reached skill level 5 in Ranged Weapons
   734 | D:2      | 734 ||| FLEEEEING.
   735 | D:2      | 735 ||| FLEEEEING.
   744 | D:2      | HP: 3/21 [orc/+0 flail (7)]
   747 | D:2      | Slain by an orc

Levels and vault maps discovered:
D:1:      grunt_arrival_lava_bath, layout_basic, serial_shops, shop,
          fountainhead
D:2:      layout_basic, basic_altar

Skill      XL: |  1  2  3 |
---------------+----------+-----
Ranged Weapons | 5 |  5.1
Fighting       | |  2.2
Dodging        | |  1.5
Stealth        | |  1.1

Action                     || total
---------------------------++-------
   Fire: Shortbow          ||    73
    Use: Scroll            ||     2
         Potion            ||     1
 Armour: Leather armour    ||    23
  Dodge: Dodged            ||    20

Table legend:
 A = Non-vault XP
 B = Vault XP
 C = Vault XP percentage of total XP
 D = Non-vault monster count
 E = Vault monster count
 F = Vault count percentage of total count
                 A         B        C        D         E       F
            +---------+---------+-------+---------+---------+-------
      Total |      52 |       0 |   0.0 |      23 |       0 |   0.0
            +---------+---------+-------+---------+---------+-------
        D:1 |      36 |       0 |   0.0 |      21 |       0 |   0.0
        D:2 |      16 |       0 |   0.0 |       2 |       0 |   0.0
            +---------+---------+-------+---------+---------+-------
